 Dungeon Crawl Stone Soup version 0.21-a0-95-g06f091e (webtiles) character file.

6396 Ijustatesigmund the Fighter (level 10, -2/114 HPs)
             Began as an Ogre Hunter on July 4, 2017.
             Was an Elder of Okawaru.
             Slain by Duffy's ghost (17 damage)
             ... on level 10 of the Dungeon.
             The game lasted 00:32:20 (11693 turns).

Ijustatesigmund the Fighter (Ogre Hunter)          Turns: 11693, Time: 00:32:20

Health: -2/114     AC:  5    Str: 18    XL:     10   Next: 98%
Magic:  0/13       EV: 22    Int: 12    God:    Okawaru [****..]
Gold:   625        SH:  0    Dex: 17    Spells: 9/9 levels left

rFire    . . .     SeeInvis .   z - +0 giant spiked club
rCold    . . .     Gourm    .   (shield currently unavailable)
rNeg     + . .     Faith    .   b - +0 robe
rPois    .         Spirit   +   e - +2 hat
rElec    .         Reflect  .   (no cloak)
rCorr    .         Harm     .   (gloves unavailable)
MR       +....                  (boots unavailable)
Stlth    ++++......             q - amulet of guardian spirit
HPRegen  0.29/turn              n - ring of positive energy
MPRegen  0.13/turn              (no ring)

@: agile, heroism, very slightly contaminated
A: unfitting armour, horns 1, talons 1, tough skin 1
a: Heroism, Renounce Religion


You were on level 10 of the Dungeon.
You worshipped Okawaru.
Okawaru was greatly pleased with you.
You were not hungry.

You visited 1 branch of the dungeon, and saw 11 of its levels.

You collected 625 gold pieces.

Inventory:

Hand Weapons
 a - a +2 flail of protection
 z - a +0 giant spiked club (weapon)
Missiles
 d - 3 throwing nets (quivered)
 C - 3 javelins of penetration
Armour
 b - a +0 robe (worn)
 e - a +2 hat (worn)
 l - a +0 shield
Jewellery
 n - a ring of positive energy (left hand)
 q - an amulet of guardian spirit (around neck)
Wands
 c - a wand of random effects (15/48)
 m - a wand of iceblast (7/15)
 u - a wand of flame (18/48)
 v - a wand of digging (20/24)
 D - a wand of random effects (31/48)
Scrolls
 j - 2 scrolls of immolation
 k - 2 scrolls of teleportation
 o - 4 scrolls of remove curse
 p - 2 scrolls of amnesia
 x - a scroll of fog
 A - 2 scrolls of identify
 E - a scroll of recharging {unknown}
Potions
 i - 2 potions of curing
 s - a potion of degeneration {unknown}
 t - a potion of flight
 B - 2 potions of brilliance {unknown}
 F - a potion of resistance {unknown}
Books
 y - a book of Cantrips

   Spells                             Type                      Level
   a - Confusing Touch                Hexes                        1
   b - Animate Skeleton               Necromancy                   1
   c - Summon Small Mammal            Summoning                    1
   d - Apportation                    Translocation                1
Comestibles
 f - 4 bread rations
 g - 5 meat rations
 G - a royal jelly


   Skills:
 + Level 11.6(16.6) Fighting
 + Level 7.7(12.7) Maces & Flails
 - Level 6.0(11.0) Throwing
 - Level 5.9(10.9) Dodging
 - Level 0.6(5.6) Stealth
 - Level 5.2(10.2) Shields
 + Level 4.8 Invocations


You had 9 spell levels left.
You didn't know any spells.

Dungeon Overview and Level Annotations

Branches:
Dungeon (11/15)            Temple (0/1) D:4
   Lair: D:8-11         Orc: D:9-12

Altars:
Dithmenos
Okawaru

Shops:
D:6 %   D:7 [

Annotations:
D:10 Duffy's ghost, journeyman DrTm


Innate Abilities, Weirdness & Mutations

You are too large for most types of armour.
You have tough skin. (AC +1)
You have a pair of small horns on your head.
You have sharp toenails.


Message History

As you read the scroll of blinking, it crumbles to dust.
h - a large rock Throwing (i - inventory. (,) - cycle):
h - a large rock (quivered)
Press: ? - help, Shift-Dir - straight line, f - Duffy's ghost
Aim: Duffy's ghost (almost destroyed)
You throw a large rock. The large rock misses Duffy's ghost.
You feel agile all of a sudden.
Evoke which item? (* to show all) (? for menu, Esc to quit)
Aiming: Iceblast (will waste charges)
Press: ? - help, Shift-Dir - straight line, f/p - Duffy's ghost
Aim: Duffy's ghost (almost destroyed)
The mass of ice explodes!
The iceblast engulfs Duffy's ghost.
Duffy's ghost partially resists.
Duffy's ghost is almost destroyed.
Evoking this partially-identified wand wasted a few charges.
You closely miss Duffy's ghost. Your kick misses Duffy's ghost.
You headbutt Duffy's ghost, but do no damage.
Duffy's ghost is almost destroyed.
Duffy's ghost hits you!!
You die...

.....####(....####...##
...... #...(.....#((..##
...#..##.8.....8.#.....#
.#................(#.#.##
####......).......##.#..#####
###.......>......((.)....#
#..............##......#
...........W....##...)..#
.###.8.....8@...##..<.[.#
.......(...##...)..#
#######....######### #....#
#....# #....# #....# ######


You could see Duffy's ghost.

Vanquished Creatures
  The ghost of nublet the Sneak, a novice VSEn of Uskayaw (D:7)
  The ghost of 4thArraOfDagon the Grappler, a novice TrWn (D:6)
  A troll (D:10)
  2 hippogriffs
  A yak (D:8)
  Eustachio (D:5)
  2 wyverns
  3 hungry ghosts
  Menkaure (D:6)
  A hell hound (D:10)
  2 orc warriors
  4 ice beasts
  A sky beast (D:9)
  4 ogres
  4 centaurs
  A big kobold (D:8)
  5 bullfrogs
  A gnoll sergeant (D:8)
  A water moccasin zombie (D:6)
  A wyvern skeleton (D:8)
  3 scorpions
  8 wights (D:8)
  A howler monkey (D:8)
  A crimson imp (D:7)
  3 jellies (D:10)
  4 orc priests
  4 hounds
  19 orc wizards
  Ijyb (D:5)
  2 bullfrog skeletons
  Terence (D:3)
  5 worker ants
  A hound skeleton (D:5)
  A worker ant zombie (D:5)
  7 gnolls
  15 adders
  4 shadow imps
  2 oozes
  An adder zombie (D:5)
  2 worms
  5 dart slugs
  9 leopard geckos
  43 orcs
  7 bats
  3 goblins
  5 hobgoblins
  6 jackals
  6 quokkas
  A ball python (D:7)
  2 frilled lizards
  A giant cockroach zombie (D:5)
  12 kobolds
  A leopard gecko skeleton (D:4)
  A quokka skeleton (D:8)
  9 rats
234 creatures vanquished.

Notes
Turn   | Place    | Note
-------+----------+-------------------------------------------
     0 | D:1      | Ijustatesigmund the Ogre Hunter began the quest for the Orb.
     0 | D:1      | Reached XP level 1. HP: 22/22 MP: 1/1
    83 | D:1      | Reached skill level 3 in Fighting
   178 | D:1      | Reached XP level 2. HP: 31/31 MP: 2/2
   775 | D:2      | Reached skill level 4 in Fighting
   926 | D:2      | Reached XP level 3. HP: 23/40 MP: 3/3
  1190 | D:2      | Reached skill level 1 in Maces & Flails
  1461 | D:2      | Found a shadowy altar of Dithmenos.
  1764 | D:2      | Reached XP level 4. HP: 47/49 MP: 4/4
  1919 | D:3      | Reached skill level 5 in Fighting
  1920 | D:3      | Noticed Terence
  1934 | D:3      | Killed Terence
  2310 | D:3      | Reached XP level 5. HP: 44/57 MP: 5/5
  2764 | D:3      | Found an iron altar of Okawaru.
  2786 | D:3      | Became a worshipper of Warmaster Okawaru
  2994 | D:4      | Reached skill level 6 in Fighting
  3045 | D:4      | Noticed an ice beast
  3063 | D:4      | Killed an ice beast
  3063 | D:4      | Reached XP level 6. HP: 49/68 MP: 6/6
  3262 | D:4      | Found a staircase to the Ecumenical Temple.
  4115 | D:5      | Entered Level 5 of the Dungeon
  4167 | D:5      | Noticed Eustachio
  4192 | D:5      | Killed Eustachio
  4192 | D:5      | Reached skill level 7 in Fighting
  4192 | D:5      | Reached XP level 7. HP: 27/78 MP: 2/7
  4573 | D:5      | Reached * piety under Okawaru
  4866 | D:5      | Reached skill level 8 in Fighting
  5147 | D:5      | Noticed Ijyb
  5164 | D:5      | Killed Ijyb
  5164 | D:5      | Reached skill level 5 in Maces & Flails
  5171 | D:5      | Reached XP level 8. HP: 59/91 MP: 8/8
  5486 | D:6      | Noticed Menkaure
  5528 | D:6      | Noticed 4thArraOfDagon's ghost (novice TrWn)
  5594 | D:5      | Reached skill level 9 in Fighting
  5918 | D:5      | Reached skill level 1 in Invocations
  6427 | D:6      | Killed 4thArraOfDagon's ghost
  6427 | D:6      | Reached ** piety under Okawaru
  6817 | D:6      | Killed Menkaure
  6817 | D:6      | Reached *** piety under Okawaru
  6817 | D:6      | Reached skill level 10 in Fighting
  7119 | D:6      | Reached XP level 9. HP: 81/101 MP: 7/12
  7361 | D:6      | Found Bailil's Food Shoppe.
  7457 | D:7      | Noticed nublet's ghost (novice VSEn)
  7477 | D:7      | Killed nublet's ghost
  7679 | D:7      | Found Fequmo Waixo's Armour Emporium.
  8690 | D:8      | Reached skill level 5 in Dodging
  8690 | D:8      | Reached XP level 10. HP: 108/111 MP: 9/13
  8749 | D:8      | Reached **** piety under Okawaru
  8829 | D:8      | Reached skill level 5 in Shields
  9014 | D:8      | Received a gift from Okawaru
  9692 | D:9      | Reached skill level 11 in Fighting
  9692 | D:9      | Reached skill level 5 in Throwing
 10315 | D:9      | Identified a scroll of acquirement
 10318 | D:9      | Got a heavily runed cloak
 10324 | D:9      | Identified the -1 cloak of the Tarantula {rN+++ Str+7 Dex-4 Slay-5} (You acquired it on level 9 of the Dungeon)
 10371 | D:9      | Noticed a death knight
 10395 | D:10     | Entered Level 10 of the Dungeon
 10621 | D:10     | Noticed Duffy's ghost (journeyman DrTm)
 10933 | D:10     | Received a gift from Okawaru
 11632 | D:11     | Gained mutation: You have sharp toenails. [potion of mutation]
 11632 | D:11     | Gained mutation: You have a pair of small horns on your head. [potion of mutation]
 11693 | D:10     | Slain by Duffy's ghost

Vault maps used:
D:1:      dpeg_arrival_court
D:2:      lemuel_round_altar, first_bread, kennysheep_minor_cross,
          corexii_leaking_fountain, amethyst_killhole
D:3:      okawaru_gym_becter, uniq_terence
D:4:      minmay_temple_entry_overgrown
D:5:      serial_co_window_serial, co_window_paths_b, co_window_paths_b,
          co_window_corner_a, co_window_paths_b, co_window_paths_a,
          co_window_of_opportunity_c, co_window_2corner, co_window_paths_c,
          co_window_unsneaky_path_d, minmay_a_box_with_orc_wizards_in_it,
          uniq_ijyb, uniq_eustachio
D:6:      serial_shops, kennysheep_little_box, grunt_ministairs_2, uniq_menkaure
D:7:      cheibrodos_iron_armory, serial_shops, shop
D:9:      cheibrodos_barr_body, grunt_ogre_cave, small_chamber_with_monster
D:10:     st_stairs_1, minmay_rotating_lava
D:11:     erik_lair_orcish_takeover, orc_0_dummy, lemuel_flame_loot_1

Skill      XL: |  1  2  3  4  5  6  7  8  9 10 |
---------------+-------------------------------+-----
Fighting       | 3 4 5 6 7 8 10 11 | 11.6
Maces & Flails | 1 2 3 4 5 6 7 |  7.7
Invocations    | 4 |  4.8
Dodging        | 5 |  5.9
Shields        | 4 5 |  5.2
Throwing       | 6 |  6.0
Stealth        | |  0.6

Action                   |  1- 3 |  4- 6 |  7- 9 | 10-12 || total
-------------------------+-------+-------+-------+-------++-------
Melee: Short sword       |    48 |       |       |       ||    48
       Whip              |   107 |    18 |       |       ||   125
       Mace              |       |    77 |       |       ||    77
       Flail             |       |    71 |   395 |   384 ||   850
       Giant spiked club |       |       |       |    20 ||    20
       Kick              |       |       |       |     4 ||     4
       Headbutt          |       |       |       |     4 ||     4
Throw: Large rock        |     2 |    16 |    14 |    19 ||    51
       Throwing net      |       |     1 |       |     2 ||     3
Invok: Heroism           |       |       |     7 |     8 ||    15
Evoke: Wand              |       |       |       |     1 ||     1
  Use: Scroll            |     2 |     7 |     7 |    10 ||    26
       Potion            |       |       |     3 |     6 ||     9
 Stab: Sleeping          |     2 |     2 |     2 |       ||     6
       Distracted        |       |       |     2 |     1 ||     3
       Held in net/web   |       |       |       |     1 ||     1
  Eat: Chunk             |     2 |     7 |     9 |     2 ||    20
       Fruit             |       |     1 |     4 |       ||     5
       Bread ration      |       |       |     1 |     2 ||     3
       Royal jelly       |       |       |     1 |     2 ||     3
       Meat ration       |       |       |     1 |       ||     1
Armor: Robe              |    48 |    90 |   154 |    98 ||   390
Dodge: Dodged            |    75 |   113 |   150 |   184 ||   522
Block: Shield            |       |    23 |   174 |   190 ||   387
